 Dungeon Crawl Stone Soup version 0.29.1-15-g9cfb28693d (webtiles) character file.

Game seed: 15010678109810969528

6 Dinohead20 the Chopper (level 1, -1/20 HPs)
             Began as a Hill Orc Monk on Apr 6, 2023.
             Slain by a jackal (2 damage)
             ... on level 1 of the Dungeon.
             The game lasted 00:00:54 (269 turns).

Dinohead20 the Chopper (Hill Orc Monk)               Turns: 269, Time: 00:00:55

Health: -1/20      AC:  2    Str: 13    XL:     1   Next: 90%
Magic:  1/1        EV: 12    Int: 10    God:
Gold:   0          SH:  0    Dex: 13    Spells: 0/0 levels left

rFire   . . .      SeeInvis .   a - +0 hand axe
rCold   . . .      Faith    .   (no shield)
rNeg    . . .      Spirit   .   b - +0 robe
rPois   .          Reflect  .   (no helmet)
rElec   .          Harm     .   (no cloak)
rCorr   .          Rampage  .   (no gloves)
Will    .....                   (no boots)
Stlth   ++........              (no amulet)
HPRegen 0.06/turn               (no ring)
MPRegen 0.07/turn               (no ring)

@: no status effects
A: no striking features
a: no special abilities


You were on level 1 of the Dungeon.
You visited 1 branch of the dungeon, and saw 1 of its levels.

Inventory:

Hand Weapons
 a - a +0 hand axe (weapon)
Armour
 b - a +0 robe (worn)
Scrolls
 d - a scroll of magic mapping {unknown}
 e - a scroll of identify {unknown}
Potions
 c - a potion of ambrosia


   Skills:
 + Level 3.9 Fighting
 + Level 4.1 Axes
 + Level 2.5 Dodging
 + Level 1.5 Stealth


You couldn't memorise any spells.
You didn't know any spells.
Your spell library contained the following spells:

 Spells                   Type           Power      Damage    Failure   Level
 Summon Small Mammal      Summ           0%         N/A       36%         1
 Call Canine Familiar     Summ           0%         N/A       75%         3
 Summon Guardian Golem    Hex/Summ       0%         N/A       75%         3


Dungeon Overview and Level Annotations

Branches:
Dungeon (1/15)

Altars:


Message History

The kobold shouts!
The bat barely misses you. The giant cockroach barely misses you.
A dart slug comes into view.
You closely miss the jackal. You hit the giant cockroach. You hit the bat.
You barely miss the jackal. The bat hits you. The jackal bites you.
The giant cockroach closely misses you. The jackal bites you.
The jackal bites you but does no damage.
The jackal bites you. The bat hits you but does no damage.
The giant cockroach misses you.
You hit the jackal.
You kill the jackal!
You hit the jackal. You closely miss the giant cockroach.
You closely miss the bat. You closely miss the jackal.
You hit the jackal but do no damage. The bat hits you but does no damage. x2
The jackal bites you but does no damage.
The jackal barely misses you. x2; The giant cockroach closely misses you.
The jackal bites you.
You hit the bat.
You kill the bat!
You hit the jackal. You barely miss the jackal.
You hit the jackal but do no damage. You hit the giant cockroach.
The jackal closely misses you. The jackal bites you.
The jackal bites you but does no damage.
The giant cockroach barely misses you. The jackal bites you.
* * * LOW HITPOINT WARNING * * *
The jackal barely misses you.
The giant cockroach attacks as you move away!
The giant cockroach bites you but does no damage.
The jackal barely misses you. The jackal bites you.
* * * LOW HITPOINT WARNING * * *
The jackal bites you.
* * * LOW HITPOINT WARNING * * *
Things that are here:
a bat corpse; a jackal corpse You closely miss the jackal.
You barely miss the jackal. You hit the jackal.
You kill the jackal!
The jackal barely misses you. The jackal bites you.
* * * LOW HITPOINT WARNING * * *
The jackal bites you.
You die...

###...#......###....######.#
#.....###### #....######'#
###...# #####....##......
#.### ##.....#####...... ###
#.#####.......## #.<....
....#...##.........# #......
#........#.........# #......
##..........S......# #######
#######...@h......#
###.ghK.....## ##rB.......#
#?..>....... #.?.......##
#...w....... #..........#
#...[.....## ##.......##


You could see a dart slug, 2 jackals, a giant cockroach, a goblin, a ball
python, a kobold and a rat.

Vanquished Creatures
  A ball python (D:1)
  3 jackals (D:1)
  A bat (D:1)
  2 rats (D:1)
7 creatures vanquished.

Notes
Turn   | Place    | Note
-------+----------+-------------------------------------------
     0 | D:1      | Dinohead20 the Hill Orc Monk began the quest for the Orb.
     0 | D:1      | Reached XP level 1. HP: 19/19 MP: 1/1
   269 | D:1      | HP: 1/20 [jackal (2)]
   269 | D:1      | Slain by a jackal

Illustrated notes

Levels and vault maps discovered:
D:1:      dpeg_arrival_rooms_c, layout_rooms,
          ebering_ecumenical_altar_sacrificial

Action                   || total
-------------------------++-------
Melee: Hand axe          ||    20
Armor: Robe              ||    15
Dodge: Dodged            ||    30
